 Dungeon Crawl Stone Soup version 0.27-a0-1228-gfd60fd639a (webtiles) character file.

Game seed: 12448441876702326821

172 lunkers the Magician (level 5, -4/39 HPs)
             Began as a Djinni Earth Elementalist on June 7, 2021.
             Slain by a wraith (11 damage)
             ... in an ossuary.
             The game lasted 00:06:03 (5571 turns).

lunkers the Magician (Djinni Earth Elementalist)    Turns: 5571, Time: 00:06:03

Health: -4/39      AC:  3    Str:  7    XL:     5   Next: 83%
Gold:   202        EV: 12    Int: 17    God:
                   SH:  0    Dex: 14

rFire    + + .     SeeInvis .   b - +0 dagger
rCold    x . .     Faith    .   (no shield)
rNeg     . . .     Spirit   .   c - +0 robe
rPois    ∞         Reflect  .   (no helmet)
rElec    .         Harm     .   m - +0 cloak
rCorr    .         Rampage  .   (no gloves)
Will     .....                  (boots unavailable)
Stlth    ++........             (no amulet)
HPRegen  0.13/turn              (no ring)
MPRegen  0.00/turn              (no ring)

@: flying, very slightly contaminated, slowed, very slow
A: sickness immunity, fire resistance 2, cold vulnerability 1, float, innate
caster, hp casting, extra vitality 1
a: no special abilities


You were in an ossuary.
You visited 1 branch of the dungeon, and saw 4 of its levels.
You also visited: Ossuary.

You collected 202 gold pieces.

Inventory:

Hand Weapons
 b - a +0 dagger (weapon)
Missiles
 h - 74 stones
Armour
 c - a +0 robe (worn)
 m - a +0 cloak (worn)
Scrolls
 d - a scroll of enchant armour {unknown}
 e - a scroll of identify
 f - a scroll of fear {unknown}
 g - a scroll of enchant weapon {unknown}
 i - a scroll of teleportation {unknown}
 j - a scroll of holy word {unknown}
 q - a scroll of magic mapping {unknown}
Potions
 a - a potion of heal wounds {unknown}
 k - a potion of curing
 l - a potion of haste
 n - 2 potions of mutation
 o - a potion of cancellation
 p - a potion of flight {unknown}


   Skills:
 + Level 2.6 Fighting
 - Level 2.1 Dodging
 - Level 1.5 Stealth
 * Level 4.1 Spellcasting


You couldn't memorise any spells.
You knew the following spells:

 Your Spells              Type           Power      Damage    Failure   Level
a - Stone Arrow           Conj/Erth      34%        3d9       9%          3
b - Passwall              Tmut/Erth      14%        N/A       4%          2
c - Sandblast             Erth           34%        2d9       3%          1
d - Petrify               Tmut/Erth      17%        N/A       28%         4
e - Lee's Rapid Deconstr  Erth           8%         3d8*      63%         5
f - Pain                  Necr           68%        1d7       3%          1
g - Searing Ray           Conj           34%        3d4       4%          2
Your spell library was empty.

Dungeon Overview and Level Annotations

Branches:
Dungeon (4/15)            Ossuary (1/1)
 Temple: D:4-7

Altars:
Fedhas
Wu Jian

Annotations:
D:3 3 runed translucent doors, Shayle's ghost, amateur OgWr; dongler's ghost, amateur DjFE


Innate Abilities, Weirdness & Mutations

You are immune to sickness and miasma.
You are immune to poison.
Your flesh is very heat resistant. (rF++)
You are vulnerable to cold. (rC-)
You float through the air rather than walking.
You learn spells naturally, not from books.
Your magical power is your life essence.
You have superior vitality. (+4 HP)


Message History

Aiming: Sandblast (safe; 3% risk of failure)
Press: ? - help, Shift-Dir - straight line, f/p - wraith
Aim: a wraith (severely damaged, 79% to hit)
The blast of sand hits the wraith.
The wraith is almost destroyed.
* * * LOW HITPOINT WARNING * * *
The wraith hits you.
* * * LOW HITPOINT WARNING * * *
The wraith drains your vigour!
You feel as though you will be slow longer.
The wraith closely misses you.
Casting: Sandblast (safe; 3% risk of failure)
Confirm with . or Enter, or press ? or * to list all spells.
Aiming: Sandblast (safe; 3% risk of failure)
Press: ? - help, Shift-Dir - straight line, f/p - wraith
Aim: a wraith (almost destroyed, 79% to hit)
The blast of sand hits the wraith but does no damage.
The wraith is almost destroyed.
* * * LOW HITPOINT WARNING * * *
The wraith completely misses you.
Unknown command.
Casting: Sandblast (safe; 3% risk of failure)
Confirm with . or Enter, or press ? or * to list all spells.
Aiming: Sandblast (safe; 3% risk of failure)
Press: ? - help, Shift-Dir - straight line, f/p - wraith
Aim: a wraith (almost destroyed, 79% to hit)
The blast of sand hits the wraith but does no damage.
The wraith is almost destroyed.
* * * LOW HITPOINT WARNING * * *
The wraith barely misses you. The wraith closely misses you.
Casting: Sandblast (safe; 3% risk of failure)
Confirm with . or Enter, or press ? or * to list all spells.
Aiming: Sandblast (safe; 3% risk of failure)
Press: ? - help, Shift-Dir - straight line, f/p - wraith
Aim: a wraith (almost destroyed, 79% to hit)
The blast of sand hits the wraith but does no damage.
The wraith is almost destroyed.
* * * LOW HITPOINT WARNING * * *
The wraith hits you!
You die...

...#####...
.##...##. .
##.!?!.## . ..
.!!!?.. .. ...
.??!. ... #...
... ...# .
#...##W##...# ...
#....@....#
....#####'#####..
.................
.................
########'''######
####...# #..'...+
#..#...# ####...#


You could see a wraith.

Vanquished Creatures
  A hound (D:4)
  A mummy (Ossuary)
  3 adders (D:3)
  3 worms (D:2)
  3 dart slugs
  3 orcs (D:3)
  6 endoplasms
  3 giant cockroaches
  7 goblins
  12 hobgoblins
  2 jackals (D:2)
  5 kobolds
  3 quokkas
  10 ball pythons
  6 bats
  4 frilled lizards
  A gnoll skeleton (Ossuary)
  2 kobold skeletons (Ossuary)
  6 orc skeletons (Ossuary)
  3 rats (D:2)
84 creatures vanquished.

Notes
Turn   | Place    | Note
-------+----------+-------------------------------------------
     0 | D:1      | lunkers the Djinni Earth Elementalist began the quest for
                  | the Orb.
     0 | D:1      | Reached XP level 1. HP: 15/15 MP: 0/0
   151 | D:1      | Reached XP level 2. HP: 11/22 MP: 0/0
   525 | D:1      | Reached skill level 1 in Fighting
   638 | D:1      | Reached XP level 3. HP: 26/27 MP: 0/0
   638 | D:1      | Learned a level 1 spell: Pain
   688 | D:1      | Reached skill level 3 in Spellcasting
  1980 | D:2      | HP: 1/27 [goblin/stone (1)]
  1988 | D:2      | HP: 1/27 [goblin/stone (1)]
  2437 | D:2      | Reached XP level 4. HP: 29/32 MP: 0/0
  2595 | D:2      | Found a faded altar of an unknown god.
  3601 | D:3      | Found a blossoming altar of Fedhas.
  3634 | D:3      | Found an ornate altar of the Wu Jian Council.
  4203 | D:3      | Reached XP level 5. HP: 8/38 MP: 0/0
  4203 | D:3      | Learned a level 2 spell: Searing Ray
  4751 | D:3      | Found a runed translucent gate.
  4751 | D:3      | Found a runed translucent gate.
  4753 | D:3      | Found a runed translucent gate.
  4755 | D:3      | Noticed dongler's ghost (amateur DjFE)
  4755 | D:3      | Noticed Shayle's ghost (amateur OgWr)
  4958 | D:4      | Reached skill level 4 in Spellcasting
  5183 | D:4      | Found a sand-covered staircase.
  5211 | Ossuary  | Entered an ossuary
  5211 | Ossuary  | Noticed a wraith
  5211 | Ossuary  | Noticed a wraith
  5211 | Ossuary  | Noticed a wraith
  5561 | Ossuary  | Noticed a wraith
  5571 | Ossuary  | Slain by a wraith

Illustrated notes

Levels and vault maps discovered:
D:1:      shiori_arrival_maze, layout_basic
D:2:      layout_loops_cross, basic_ecumenical_altar, minmay_pentomino_v2
D:3:      layout_loops_ring, grunt_temple_overflow_open,
          gammafunk_ghost_cemetery, minmay_circle_x
D:4:      layout_loops_ring, enter_ossuary_5
Ossuary:  ossuary_due_mausoleum

Skill      XL: |  1  2  3  4  5 |
---------------+----------------+-----
Fighting       | 1 2 |  2.6
Spellcasting   | 3 4 |  4.1
Dodging        | |  2.1
Stealth        | |  1.5

Action                   |  1- 3 |  4- 6 || total
-------------------------+-------+-------++-------
Melee: Unarmed           |    18 |       ||    18
 Cast: Sandblast         |    32 |     4 ||    36
       Stone Arrow       |    28 |    67 ||    95
  Use: Scroll            |       |     5 ||     5
Armor: Robe              |     6 |     1 ||     7
Dodge: Dodged            |    20 |     7 ||    27

Table legend: (Time is in decaauts)
 A = Elapsed time spent in this place.
 B = Non-inter-level travel time spent in this place.
 C = Inter-level travel time spent in this place.
 D = Time resting spent in this place.
 E = Time spent auto-exploring this place.
 F = Levels seen in this place.
 G = Mean time per level.
                   A        B        C        D        E       F      G
               +--------+--------+--------+--------+--------+-----+--------+
         Total |   5572 |   5482 |     90 |    609 |   4433 |   5 | 1114.4 |
       Dungeon |   5210 |   5120 |     90 |    360 |   4391 |   4 | 1302.5 |
       Ossuary |    361 |    361 |      0 |    249 |     42 |   1 |  361.0 |
               +--------+--------+--------+--------+--------+-----+--------+

Top non-repeatable levels by time:
     D:1: 2136 daAuts
     D:2: 1412 daAuts
     D:3: 1377 daAuts
 Ossuary: 361 daAuts
     D:4: 284 daAuts
